 Dungeon Crawl Stone Soup version 0.29-a0-11-ga75d3d9 (webtiles) character file.

Game seed: 14279622428832442161

19 Illumine the Poker (level 2, -7/22 HPs)
             Began as a Merfolk Gladiator on Jan 28, 2022.
             Mangled by Terence (9 damage)
             ... on level 2 of the Dungeon.
             The game lasted 00:00:37 (295 turns).

Illumine the Poker (Merfolk Gladiator)               Turns: 295, Time: 00:00:37

Health: -7/22      AC:  4    Str: 14    XL:     2   Next: 75%
Magic:  2/2        EV: 13    Int:  7    God:
Gold:   24         SH:  0    Dex: 15    Spells: 1/1 levels left

rFire   . . .      SeeInvis .   a - +0 trident
rCold   . . .      Faith    .   (no shield)
rNeg    . . .      Spirit   .   b - +0 leather armour
rPois   .          Reflect  .   c - +0 helmet
rElec   .          Harm     .   (no cloak)
rCorr   .          Rampage  .   (no gloves)
Will    .....                   (no boots)
Stlth   +.........              (no amulet)
HPRegen 0.07/turn               (no ring)
MPRegen 0.08/turn               (no ring)

@: no status effects
A: (nimble swimmer 2), mertail
a: no special abilities


You were on level 2 of the Dungeon.
You visited 1 branch of the dungeon, and saw 2 of its levels.

You collected 24 gold pieces.

Inventory:

Hand Weapons
 a - a +0 trident (weapon)
Missiles
 d - 2 throwing nets (quivered)
Armour
 b - a +0 leather armour (worn)
 c - a +0 helmet (worn)


   Skills:
 - Level 2.1 Fighting
 + Level 5.8 Polearms
 - Level 2.0 Throwing
 - Level 4.0 Dodging


You had one spell level left.
You didn't know any spells.
Your spell library contained the following spells:

 Spells                   Type           Power      Damage    Failure   Level
 Ensorcelled Hibernation  Hex/Ice        0%         N/A       65%         2
 Spider Form              Tmut/Pois      0%         N/A       87%         3
 Anguish                  Hex/Necr       0%         N/A       99%         4


Dungeon Overview and Level Annotations

Branches:
Dungeon (1/15)

Altars:

Annotations:
D:2 Terence


Innate Abilities, Weirdness & Mutations

((You are very nimble when in or above water. (Stealth+, EV+, Speed+++)))
Your lower body shifts to a powerful aquatic tail in water.


Message History

No target in view!
You pick up a book of Dreams and begin reading...
You add the spells Ensorcelled Hibernation, Spider Form and Anguish to your library.
HP restored.
Terence the Incautious comes into view.
He is wielding a +0 trident.
Terence shouts!
You now have 24 gold pieces (gained 9).
Terence drinks a potion.
Terence seems to speed up.
Throw: 3 throwing nets
Press: ? - help, Q - select action Shift-Dir - straight line, f - Terence
Aim: Terence, wielding a +0 trident and wearing a +0 scale mail (fast, 64% to hit)
You throw a throwing net. The throwing net hits Terence.
Terence is caught in the net!
Terence struggles against the net.
You reach to attack!
You hit Terence.
Terence is lightly wounded.
Terence struggles against the net. x2
You reach to attack!
You strike the helpless Terence from behind!
You hit Terence but do no damage.
Terence is lightly wounded.
Terence struggles against the net.
The net rips apart, and Terence comes free!
You reach to attack!
You hit Terence but do no damage.
Terence is lightly wounded.
Terence misses you.
Terence hits you from afar with a +0 trident.
You reach to attack!
You hit Terence but do no damage.
Terence is lightly wounded.
Terence misses you.
Terence hits you from afar with a +0 trident.
You reach to attack!
You barely miss Terence.
Terence is lightly wounded.
Terence hits you from afar with a +0 trident!
You reach to attack!
You hit Terence.
Terence is moderately wounded.
Terence hits you from afar with a +0 trident!
* * * LOW HITPOINT WARNING * * *
Terence hits you from afar with a +0 trident!
You die...

#....# .# #..#.# ...
##..#.## #.####......##
.....(....>.#
##.##.....###
###.........# #
#....#......#
#.#..@.#.#...##
###.....##....##########
.......@................
...#.###..#..############
................
##.#.##.#...##### #
#.#...# #.....# ...#..#


You could see Terence (fast).

Vanquished Creatures
  A bat (D:1)
  An endoplasm (D:1)
  A goblin (D:1)
  4 hobgoblins (D:1)
  6 jackals (D:1)
  2 ball pythons
15 creatures vanquished.

Notes
Turn   | Place    | Note
-------+----------+-------------------------------------------
     0 | D:1      | Illumine the Merfolk Gladiator began the quest for the Orb.
     0 | D:1      | Reached XP level 1. HP: 16/16 MP: 1/1
   110 | D:1      | Reached skill level 5 in Polearms
   117 | D:1      | Reached XP level 2. HP: 22/22 MP: 2/2
   232 | D:1      | You fall into a shaft and drop 1 floor!
   279 | D:2      | Noticed Terence
   295 | D:2      | Mangled by Terence

Illustrated notes

Levels and vault maps discovered:
D:1:      lightli_arrival_chessboard, layout_rooms
D:2:      minmay_evil_eye, layout_rooms, basic_altar, uniq_natasha,
          uniq_terence, uniq_jessica

Skill      XL: |  1 |
---------------+----+-----
Polearms       | 5 |  5.8
Fighting       | |  2.1
Throwing       | |  2.0
Dodging        | |  4.0

Action                   || total
-------------------------++-------
Melee: Trident           ||    44
Throw: Throwing net      ||     1
 Stab: Held in net/web   ||     1
Armor: Leather armour    ||    10
Dodge: Dodged            ||    25

Table legend: (Time is in decaauts)
 A = Elapsed time spent in this place.
 B = Non-inter-level travel time spent in this place.
 C = Inter-level travel time spent in this place.
 D = Time resting spent in this place.
 E = Time spent auto-exploring this place.
 F = Levels seen in this place.
 G = Mean time per level.
                   A        B        C        D        E       F      G
               +--------+--------+--------+--------+--------+-----+--------+
         Total |    295 |    295 |      0 |     32 |    171 |   2 |  147.5 |
       Dungeon |    295 |    295 |      0 |     32 |    171 |   2 |  147.5 |
               +--------+--------+--------+--------+--------+-----+--------+

Top non-repeatable levels by time:
     D:1: 233 daAuts
     D:2: 62 daAuts
